[Event "Serbian League 2024"]
[Site "Bajina Basta"]
[Date "2024.09.28"]
[Round "2.2"]
[White "Vignesh N R"]
[Black "Markus, Robert"]
[Result "1/2-1/2"]
[ECO "C02"]
[WhiteElo "2511"]
[BlackElo "2586"]
[Annotator "TA"]
[PlyCount "45"]
[EventDate "2024.09.26"]
[EventType "team-tourn"]
[EventCountry "SRB"]
[SourceTitle "playchess.com"]
[Source "ChessBase"]
[SourceQuality "1"]
[TimeControl "40/5400+30:1800+30"]

1. e4 e6 2. d4 d5 3. e5 c5 4. c3 Nc6 5. Nf3 Bd7 6. Be2 Nge7 7. O-O Ng6 8. Be3 Be7 9. Nbd2 O-O 10. a3 cxd4 {[%emt 0:01:18] White has an edge.} 11. cxd4 f6 12. exf6 Rxf6 13. Re1 a6 14. Rc1 h6 15. Nb3 b6 16. Bd3 Bd6 17. Rc3 Nce7 18. Nbd2 Nf5 19. Nf1 b5 20. Bd2 Qb6 (20... Ngh4 $11 {remains equal.}) 21. Bxf5 (21. Ne5 $16 Bxe5 22. dxe5) 21... Rxf5 $11 22. Ng3 Rf7 23. Rce3 {[%emt 0:05:44] Weighted Error Value: White=0.11 (very precise) /Black=0.10 (very precise) .  Mistake:       	White=1     	Black=1      Inaccurate:     	White=1     	Black=1      OK:         	White=8     	Black=7} 1/2-1/2

[Event "Serbian League 2024"]
[Site "Bajina Basta"]
[Date "2024.09.28"]
[Round "2.4"]
[White "Spasic, Petar"]
[Black "Ivanisevic, Ivan"]
[Result "0-1"]
[ECO "A27"]
[WhiteElo "2304"]
[BlackElo "2519"]
[Annotator "RC"]
[PlyCount "92"]
[EventDate "2024.09.26"]
[EventType "team-tourn"]
[EventCountry "SRB"]
[SourceTitle "playchess.com"]
[Source "ChessBase"]
[SourceQuality "1"]
[TimeControl "40/5400+30:1800+30"]

1. c4 e5 2. Nc3 Nc6 3. g3 f5 4. Nf3 Nf6 5. d4 e4 6. Nh4 d5 7. Bg5 Bb4 8. e3 O-O 9. Qb3 Be6 10. a3 dxc4 11. Bxc4 Bxc3+ 12. Qxc3 Bxc4 13. Qxc4+ Qd5 14. Rc1 Qxc4 15. Rxc4 Ne8 16. Bf4 Rd8 17. Rc5 g6 18. Rg1 Nf6 19. Bxc7 Rc8 20. Bf4 b6 21. Rc2 Nb4 22. Rc3 Nd3+ 23. Ke2 Rxc3 24. bxc3 Rc8 25. Kd2 Nd5 26. Rb1 a6 27. Ng2 Rxc3 28. Bd6 Rc6 29. Be5 b5 30. Nf4 N3xf4 31. gxf4 Kf7 32. Bb8 Ke6 33. Ba7 Rc4 34. Bc5 Nf6 35. h3 Kd5 36. Rb3 Kc6 37. Be7 Nd5 38. Bd8 Ra4 39. Bg5 a5 40. Bd8 b4 41. axb4 Ra2+ 42. Kc1 axb4 43. Rb2 Ra1+ 44. Kd2 Kb5 45. Rc2 Nc3 46. Rxc3 Ra2+ 0-1

[Event "Serbian League 2024"]
[Site "Bajina Basta"]
[Date "2024.09.28"]
[Round "2.5"]
[White "Kosic, Dragan"]
[Black "Jovanovic, Dusan D"]
[Result "1-0"]
[ECO "E14"]
[WhiteElo "2371"]
[BlackElo "2372"]
[Annotator "ChessBase"]
[PlyCount "39"]
[EventDate "2024.09.26"]
[EventType "team-tourn"]
[EventCountry "SRB"]
[SourceTitle "playchess.com"]
[Source "ChessBase"]
[SourceQuality "1"]
[TimeControl "40/5400+30:1800+30"]

1. d4 Nf6 2. Nf3 e6 3. e3 b6 4. Bd3 Bb7 5. O-O c5 6. b3 Be7 7. Bb2 O-O 8. c4 cxd4 9. Nxd4 d6 10. Nc3 Nbd7 11. Rc1 a6 12. Qe2 Re8 13. Rfd1 Bf8 14. Bb1 Rc8 15. Nf3 Qc7 16. Ng5 h6 17. Nge4 Nxe4 18. Nxe4 Nc5 19. Nf6+ Kh8 20. Qc2 1-0

[Event "Serbian League 2024"]
[Site "Bajina Basta"]
[Date "2024.09.28"]
[Round "2.6"]
[White "Pavlovic, Goran"]
[Black "Miljkovic, Miroslav D"]
[Result "1/2-1/2"]
[ECO "D13"]
[WhiteElo "2337"]
[BlackElo "2420"]
[Annotator "ChessBase"]
[PlyCount "83"]
[EventDate "2024.09.26"]
[EventType "team-tourn"]
[EventCountry "SRB"]
[SourceTitle "playchess.com"]
[Source "ChessBase"]
[SourceQuality "1"]
[TimeControl "40/5400+30:1800+30"]

1. c4 c6 2. d4 d5 3. cxd5 cxd5 4. Nc3 Nf6 5. Nf3 Nc6 6. Bf4 Nh5 7. Bd2 Nf6 8. Bf4 a6 9. e3 Bf5 10. Bd3 Bxd3 11. Qxd3 e6 12. O-O Be7 13. Rac1 Rc8 14. Ne5 O-O 15. Nxc6 Rxc6 16. Ne2 Qb6 17. Rxc6 bxc6 18. b3 Nd7 19. Nc3 c5 20. Na4 Qb5 21. Qxb5 axb5 22. Nxc5 Nxc5 23. dxc5 Bxc5 24. Rc1 Ba3 25. Rc6 Re8 26. Bd6 Bxd6 27. Rxd6 g5 28. Rb6 Ra8 29. Rxb5 Rxa2 30. g4 h6 31. Kg2 Rb2 32. Rb7 Kg7 33. h3 Kg6 34. Kg3 f6 35. Re7 e5 36. Rd7 d4 37. exd4 Rxb3+ 38. Kg2 Rd3 39. d5 h5 40. Kh2 Rd2 41. Kg2 Rd3 42. Kh2 1/2-1/2

[Event "Serbian League 2024"]
[Site "Bajina Basta"]
[Date "2024.09.28"]
[Round "2.7"]
[White "Tarhan, Adar"]
[Black "Andreikin, Dmitry"]
[Result "1/2-1/2"]
[ECO "D13"]
[WhiteElo "2474"]
[BlackElo "2729"]
[Annotator "TA"]
[PlyCount "82"]
[EventDate "2024.09.26"]
[EventType "team-tourn"]
[EventCountry "SRB"]
[SourceTitle "playchess.com"]
[Source "ChessBase"]
[SourceQuality "1"]
[TimeControl "40/5400+30:1800+30"]

1. d4 d5 2. Nf3 Nf6 3. c4 c6 4. Nc3 a6 5. cxd5 cxd5 6. Bf4 Nc6 7. e3 Bg4 8. Be2 e6 9. Ne5 Nxe5 10. Bxe5 Bxe2 11. Qxe2 Nd7 12. Bg3 Bb4 13. O-O O-O 14. Rac1 Rc8 15. Nb1 Qa5 16. a3 Be7 17. Rc2 {[%emt 0:00:39] The position is equal.} Rxc2 18. Qxc2 h5 19. Rc1 h4 20. Bf4 Nb6 21. Bc7 Rc8 22. Qd1 $1 Qb5 23. Bxb6 Rxc1 24. Qxc1 Qxb6 $11 {[%emt 0:00:00][%mdl 4096] Endgame. KQB-KQN} 25. Nd2 Qb5 26. h3 Qd3 27. Qc8+ Bf8 28. Qc1 b5 29. Nf3 Qc4 30. Qd1 Be7 31. Ne5 Qc7 32. Kf1 Bd6 33. Nf3 Qc4+ 34. Kg1 Be7 35. Ne5 Qc7 36. Kf1 g6 37. Ke2 Kg7 38. Kd2 Qa5+ 39. Ke2 Qc7 40. Kd2 Bd6 41. Nd3 Be7 {[%emt 0:09:59] A balanced but interesting game.   Weighted Error Value: White=0.02 (flawless) /Black=0.01 (flawless) .  OK:         	White=16    	Black=16     Best:        	---       	Black=1      Strong:       	White=1     	---} 1/2-1/2

[Event "Serbian League 2024"]
[Site "Bajina Basta"]
[Date "2024.09.28"]
[Round "2.8"]
[White "Matlakov, Maxim"]
[Black "Celik, Hasan Huseyin"]
[Result "1/2-1/2"]
[ECO "D02"]
[WhiteElo "2636"]
[BlackElo "2425"]
[Annotator "TA"]
[PlyCount "52"]
[EventDate "2024.09.26"]
[EventType "team-tourn"]
[EventCountry "SRB"]
[SourceTitle "playchess.com"]
[Source "ChessBase"]
[SourceQuality "1"]
[TimeControl "40/5400+30:1800+30"]

1. Nf3 d5 2. g3 Nd7 3. d4 Nb6 4. Nc3 Nf6 5. Bg2 h6 6. Qd3 g6 7. Nh4 {[%emt 0:12:58] Prevents Bf5} Bg7 8. a4 {[%emt 0:01:29] And now a5 would win. White is slightly better.} a5 9. O-O O-O 10. Rd1 Be6 {[%emt 0:14:02] The position is equal.} 11. b3 c6 12. Ba3 Re8 13. e4 dxe4 14. Nxe4 Nxe4 15. Bxe4 Bd5 16. c4 Bxe4 17. Qxe4 Qc7 18. f4 e6 19. Ra2 Rad8 20. Rad2 Nd7 21. Nf3 f5 22. Qe3 Nf6 23. Rd3 Ne4 24. Nd2 Nf6 {[%emt 0:01:39] [#] ...Ng4 would now be deadly.} 25. Nf3 Ne4 26. Nd2 Nf6 {[%emt 0:00:23] Weighted Error Value: White=0.06 (flawless) /Black=0.03 (flawless) .  Inaccurate:     	White=1     	---        OK:         	White=3     	Black=12     Best:        	---       	Black=1} 1/2-1/2

[Event "Serbian League 2024"]
[Site "Bajina Basta"]
[Date "2024.09.28"]
[Round "2.9"]
[White "Kovacevic, Aleksandar"]
[Black "Stojanovic, Mihajlo"]
[Result "1/2-1/2"]
[ECO "C13"]
[WhiteElo "2479"]
[BlackElo "2424"]
[Annotator "RC"]
[PlyCount "104"]
[EventDate "2024.09.26"]
[EventType "team-tourn"]
[EventCountry "SRB"]
[SourceTitle "playchess.com"]
[Source "ChessBase"]
[SourceQuality "1"]
[TimeControl "40/5400+30:1800+30"]

1. e4 e6 2. d4 d5 3. Nc3 Nf6 4. Bg5 dxe4 5. Nxe4 Nbd7 6. Nf3 h6 7. Bxf6 Nxf6 8. Bd3 Nxe4 9. Bxe4 c5 10. Qe2 Qa5+ 11. c3 cxd4 12. Nxd4 Be7 13. Nc6 Qc7 14. Nxe7 Kxe7 15. O-O-O Bd7 16. Rd4 Rhd8 17. Rhd1 Bc6 18. Bxc6 Qxc6 19. Qg4 Rxd4 20. Rxd4 Kf8 21. Rd3 Qc7 22. Qb4+ Kg8 23. Rd6 Re8 24. g3 Re7 25. Qd4 b5 26. a3 Qb7 27. Rd8+ Kh7 28. Qd3+ f5 29. Qd6 Kg6 30. h4 Qc7 31. Kd2 Qxd6+ 32. Rxd6 Kh5 33. Ke3 g5 34. hxg5 hxg5 35. Rd8 Kg4 36. Rg8 e5 37. f3+ Kh5 38. g4+ fxg4 39. Rh8+ Kg6 40. fxg4 Rc7 41. Rg8+ Kf6 42. Rf8+ Ke6 43. Rf5 a5 44. Rxg5 b4 45. axb4 axb4 46. Kd3 bxc3 47. bxc3 Rc8 48. Rh5 Rg8 49. Rh6+ Kd5 50. c4+ Kc5 51. Rh5 Rxg4 52. Rxe5+ Kc6 1/2-1/2

[Event "Serbian League 2024"]
[Site "Bajina Basta"]
[Date "2024.09.28"]
[Round "2.10"]
[White "Nestorovic, Nikola"]
[Black "Brenjo, Slavisa"]
[Result "1/2-1/2"]
[ECO "C55"]
[WhiteElo "2458"]
[BlackElo "2376"]
[Annotator "RC"]
[PlyCount "75"]
[EventDate "2024.09.26"]
[EventType "team-tourn"]
[EventCountry "SRB"]
[SourceTitle "playchess.com"]
[Source "ChessBase"]
[SourceQuality "1"]
[TimeControl "40/5400+30:1800+30"]

1. e4 e5 2. Nf3 Nc6 3. Bc4 Nf6 4. d3 Be7 5. O-O O-O 6. Nc3 d6 7. a4 a6 8. Bd2 Bg4 9. h3 Bh5 10. Be3 Qd7 11. Nd5 Nxd5 12. Bxd5 Bg6 13. g4 Nd8 14. Kh1 c6 15. Ba2 Ne6 16. Rg1 Qd8 17. Qf1 h6 18. Qg2 Kh8 19. Qh2 Ng5 20. Nxg5 Bxg5 21. Bxg5 Qe7 22. Bf6 Qxf6 23. h4 Qe7 24. Rg3 Rad8 25. Rag1 Bh7 26. g5 f5 27. gxh6 gxh6 28. f3 fxe4 29. fxe4 Rf4 30. Rg4 Rdf8 31. Qh3 Qf6 32. Bb3 a5 33. Kh2 Rf2+ 34. R4g2 Rf3 35. Rg3 Rf4 36. Rg4 Rf3 37. R4g3 Rf4 38. Rg4 1/2-1/2

[Event "Serbian League 2024"]
[Site "Bajina Basta"]
[Date "2024.09.28"]
[Round "2.11"]
[White "Omorjan, Dejan"]
[Black "Todorovic, Goran M"]
[Result "1/2-1/2"]
[ECO "D06"]
[WhiteElo "2299"]
[BlackElo "2289"]
[Annotator "ChessBase"]
[PlyCount "30"]
[EventDate "2024.09.26"]
[EventType "team-tourn"]
[EventCountry "SRB"]
[SourceTitle "playchess.com"]
[Source "ChessBase"]
[SourceQuality "1"]
[TimeControl "40/5400+30:1800+30"]

1. d4 d5 2. Nf3 c5 3. c4 cxd4 4. cxd5 Qxd5 5. Nc3 Qa5 6. Nxd4 Nf6 7. g3 e5 8. Nb3 Qc7 9. Bg2 Bb4 10. O-O Bxc3 11. bxc3 O-O 12. Bg5 Nbd7 13. Qd3 h6 14. Be3 Nb6 15. Rfd1 Bg4 1/2-1/2

[Event "Serbian League 2024"]
[Site "Bajina Basta"]
[Date "2024.09.28"]
[Round "2.12"]
[White "Arsovic, Goran"]
[Black "Pajcin, Lav"]
[Result "1/2-1/2"]
[ECO "E52"]
[WhiteElo "2356"]
[BlackElo "2242"]
[Annotator "ChessBase"]
[PlyCount "154"]
[EventDate "2024.09.26"]
[EventType "team-tourn"]
[EventCountry "SRB"]
[SourceTitle "playchess.com"]
[Source "ChessBase"]
[SourceQuality "1"]
[TimeControl "40/5400+30:1800+30"]

1. d4 Nf6 2. Nf3 d5 3. c4 e6 4. Nc3 Bb4 5. e3 O-O 6. Bd3 b6 7. a3 Be7 8. O-O Bb7 9. cxd5 exd5 10. b4 Nbd7 11. Qb3 a6 12. a4 Bd6 13. b5 a5 14. Ba3 Re8 15. Rfc1 Nf8 16. Bxd6 cxd6 17. Rc2 Rc8 18. Rac1 Ne6 19. Ne2 Rxc2 20. Rxc2 Qd7 21. h3 h6 22. Nc3 g6 23. Bf1 Ng7 24. Ne1 Nf5 25. Nd3 g5 26. g3 Ne7 27. Ne1 Kg7 28. Nd1 Nf5 29. Qb2 Ne7 30. Qc1 Rc8 31. Rxc8 Bxc8 32. f3 Qd8 33. Nd3 Bb7 34. N3f2 Nf5 35. Kg2 Nh5 36. Nh1 Kf8 37. Bd3 Nhg7 38. Qc2 Qd7 39. Kf2 h5 40. g4 Ne7 41. Ng3 h4 42. Ne2 f5 43. Kg2 Bc8 44. Nf2 Ke8 45. Qc1 Qd8 46. f4 gxf4 47. exf4 Kf7 48. Ng1 Ng6 49. Nf3 Bd7 50. Ng5+ Kg8 51. Kf3 Qf6 52. Qe3 Nf8 53. gxf5 Bxf5 54. Ng4 Qg6 55. Bxf5 Nxf5 56. Qd3 Kg7 57. Ne3 Nxe3 58. Qxg6+ Nxg6 59. Kxe3 Kf6 60. Kf3 Kf5 61. Nf7 Nxf4 62. Nxd6+ Kg5 63. Nf7+ Kf5 64. Nd6+ Kg5 65. Nc8 Nxh3 66. Nxb6 Nf4 67. Nd7 Ne6 68. Ne5 Nxd4+ 69. Kg2 Kf5 70. Nd3 Ke6 71. Kh3 Ne2 72. Kxh4 Nc3 73. Nc5+ Kd6 74. b6 Kc6 75. b7 Kc7 76. Kg4 d4 77. Kf3 Nxa4 1/2-1/2

[Event "Serbian League 2024"]
[Site "Bajina Basta"]
[Date "2024.09.28"]
[Round "2.13"]
[White "Hovhannisyan, Robert"]
[Black "Benkovic, Petar"]
[Result "1/2-1/2"]
[ECO "B81"]
[WhiteElo "2619"]
[BlackElo "2362"]
[Annotator "TA"]
[PlyCount "132"]
[EventDate "2024.09.26"]
[EventType "team-tourn"]
[EventCountry "SRB"]
[SourceTitle "playchess.com"]
[Source "ChessBase"]
[SourceQuality "1"]
[TimeControl "40/5400+30:1800+30"]

1. e4 c5 2. Nf3 e6 3. d4 cxd4 4. Nxd4 Nf6 5. Nc3 d6 6. g4 h6 7. Be3 e5 {[%emt 0:03:03] B81: Sicilian Scheveningen: Keres Attack.} 8. Bb5+ Bd7 9. Bxd7+ Qxd7 10. Nf5 g6 11. Nxh6 Bxh6 12. g5 Ng4 13. gxh6 Nxe3 14. fxe3 Nc6 15. Qd5 O-O-O 16. O-O-O a6 17. Rhf1 f5 18. Qd3 $146 ({Predecessor:} 18. exf5 gxf5 19. Qf3 Ne7 20. Qh5 Rh7 21. Nd5 Nxd5 22. Rxd5 Rdh8 23. Qxf5 Qxf5 24. Rxf5 Rxh6 25. Rf2 Kc7 26. Rdd2 Rh3 27. e4 Re3 28. Rde2 Rxe2 29. Rxe2 Kc6 {½-½ Sabbatini,G (1937)-Ovaskainen,J (2300) WS TT/7/16/1 email 2016}) 18... Rxh6 19. exf5 gxf5 20. Rxf5 Qh7 21. Ne4 Rxh2 22. Rf2 d5 23. Rxh2 Qxh2 24. Nc5 Qh5 25. Qb3 Qf7 26. Qb6 d4 ({Don't go for} 26... Qc7 $2 27. Qxc7+ Kxc7 28. Ne6+ Kd6 29. Nxd8 Nxd8 30. c4 $18) 27. e4 Rd6 $1 28. b3 Qc7 (28... Rf6 {keeps more tension.} 29. Rh1 Rf1+ 30. Rxf1 Qxf1+ 31. Kb2 Qb5) 29. Qxc7+ Kxc7 30. Rh1 Kb6 31. Na4+ Kc7 32. a3 a5 33. Rh5 b5 34. Nc5 Kb6 35. Nd3 Re6 36. b4 axb4 37. axb4 Kc7 38. Rh7+ Kc8 $1 39. Kb2 Rg6 40. Rh5 Rg2 41. Rh4 Kc7 42. Rh7+ Kc8 43. Rh3 Re2 44. Rh4 Rg2 45. Rh5 Re2 46. Rh6 Kc7 47. Rh4 Rg2 48. Kb3 Rg3 49. Ka3 Kc8 50. Kb2 Rg2 51. Kb3 Rg3 52. Rh1 Re3 53. Re1 Rxe1 54. Nxe1 Kd7 55. Nd3 Kd6 56. Kb2 Ke6 57. Kc1 Kf6 58. Kd2 Kg5 59. Ke2 Kg4 60. Kf2 Kh3 61. Kf3 Kh4 62. Kg2 Kg4 63. Kf2 Kh3 64. Kf3 Kh4 65. Kg2 Kg4 66. Kf2 Kh3 1/2-1/2

[Event "Serbian League 2024"]
[Site "Bajina Basta"]
[Date "2024.09.28"]
[Round "2.14"]
[White "Eren, Ataberk"]
[Black "Grigoryan, Karen H."]
[Result "1/2-1/2"]
[ECO "E91"]
[WhiteElo "2386"]
[BlackElo "2569"]
[Annotator "RC"]
[PlyCount "184"]
[EventDate "2024.09.26"]
[EventType "team-tourn"]
[EventCountry "SRB"]
[SourceTitle "playchess.com"]
[Source "ChessBase"]
[SourceQuality "1"]
[TimeControl "40/5400+30:1800+30"]

1. d4 Nf6 2. c4 d6 3. Nf3 g6 4. Nc3 Bg7 5. e4 O-O 6. Be2 Nbd7 7. Be3 c6 8. O-O a6 9. a4 a5 10. h3 e5 11. Qc2 Qe7 12. Rfe1 Re8 13. Rad1 exd4 14. Bxd4 Nc5 15. Bf1 Be6 16. Ng5 h6 17. Nxe6 Nxe6 18. Be3 Nd7 19. g3 Nec5 20. Bg2 Rad8 21. f4 Qf8 22. Bf2 Na6 23. Na2 Ndc5 24. Re2 Re6 25. Be1 b6 26. f5 Re5 27. b4 axb4 28. Nxb4 Nxb4 29. Bxb4 Qe7 30. Bc3 Re8 31. Bxe5 Bxe5 32. Rf1 g5 33. Kh1 Ra8 34. f6 Qe6 35. Re3 Rxa4 36. Qb1 Nd7 37. Qd1 Ra1 38. Qh5 Rxf1+ 39. Bxf1 Qxf6 40. Rf3 Qe6 41. h4 g4 42. Ra3 Kg7 43. Qf5 Qxf5 44. exf5 Bd4 45. Ra7 Nf6 46. Rc7 Be5 47. Rxc6 Ne4 48. Kg2 Nxg3 49. Bd3 Nh5 50. Be2 Nf4+ 51. Kf1 g3 52. Bf3 Kf6 53. Rxb6 Kxf5 54. Rb7 f6 55. Rg7 Ng6 56. Bb7 Nf4 57. Rxg3 d5 58. cxd5 Nxd5 59. Rg7 Ne3+ 60. Ke2 Kf4 61. Bc8 h5 62. Rh7 Ng2 63. Kf2 Nxh4 64. Rxh5 Bd4+ 65. Ke2 Kg3 66. Kd3 Be5 67. Ke4 Ng6 68. Rh3+ Kg2 69. Ra3 Nf4 70. Bb7 Kf2 71. Ba6 Ne6 72. Bc4 Ng5+ 73. Kf5 Nf3 74. Bd5 Nd4+ 75. Ke4 Kg2 76. Bc4 Kf2 77. Ra2+ Kg3 78. Bf1 Ne6 79. Rg2+ Kh4 80. Rg1 Kh5 81. Rg8 Kh6 82. Be2 Kh7 83. Rg1 Nd4 84. Bc4 Kh6 85. Bf7 Kh7 86. Rg6 Nc6 87. Rg2 Nd4 88. Kd5 Kh6 89. Kc5 Kh7 90. Kb6 Kh6 91. Kb7 Nf5 92. Kc6 Ng3 1/2-1/2

[Event "Serbian League 2024"]
[Site "Bajina Basta"]
[Date "2024.09.28"]
[Round "2.15"]
[White "Stankovic, Milos"]
[Black "Ozsakallioglu, Okan"]
[Result "1-0"]
[ECO "C47"]
[WhiteElo "2466"]
[BlackElo "2349"]
[Annotator "TA"]
[PlyCount "25"]
[EventDate "2024.09.26"]
[EventType "team-tourn"]
[EventCountry "SRB"]
[SourceTitle "playchess.com"]
[Source "ChessBase"]
[SourceQuality "1"]
[TimeControl "40/5400+30:1800+30"]

1. e4 e5 2. Nf3 Nf6 3. Nc3 Nc6 4. a3 d5 5. Bb5 Qd6 (5... Nxe4 $11 6. Nxe5 Qf6) 6. exd5 Nxd5 7. Nxd5 Qxd5 8. Qe2 {[%emt 0:01:23] The position is equal.} f6 9. c4 Qd6 10. d4 Bd7 11. dxe5 {[%emt 0:05:10] White is better.} fxe5 12. Bg5 {[%emt 0:03:38] And now 0-0 would win.} Be7 13. Rd1 {[%emt 0:05:59] Weighted Error Value: White=0.09 (flawless) /Black=0.28 (precise) .  Inaccurate:     	White=1     	Black=1      OK:         	White=4     	---        Best:        	White=1     	---} 1-0

[Event "Serbian League 2024"]
[Site "Bajina Basta"]
[Date "2024.09.28"]
[Round "2.16"]
[White "Ljepic, Andrej"]
[Black "Tadic, Stefan"]
[Result "1-0"]
[ECO "C26"]
[WhiteElo "2326"]
[BlackElo "2440"]
[Annotator "TA"]
[PlyCount "63"]
[EventDate "2024.09.26"]
[EventType "team-tourn"]
[EventCountry "SRB"]
[SourceTitle "playchess.com"]
[Source "ChessBase"]
[SourceQuality "1"]
[TimeControl "40/5400+30:1800+30"]

1. e4 e5 2. Nc3 Nf6 3. g3 d5 4. exd5 Nxd5 5. Bg2 Nb6 6. Nf3 Nc6 7. O-O Be7 (7... Bc5 $11 {keeps the balance.}) 8. Re1 $16 {[%emt 0:00:57][%cal Oa2a4] White is better.} f6 {[%emt 0:01:30] [#]} 9. d4 $1 exd4 (9... Bg4 10. dxe5) 10. Nb5 {[%emt 0:00:32][%cal Oc1f4] Strongly threatening Bf4!} O-O 11. Nbxd4 {[%emt 0:10:22] White is more active.} ({But not} 11. Nfxd4 $6 Ne5 $11) 11... Nxd4 12. Nxd4 Bc5 13. Nb3 Qxd1 14. Rxd1 Bd6 15. Na5 Rb8 $1 16. c3 f5 (16... Re8 $14) 17. Be3 f4 18. Bxf4 Bxf4 19. gxf4 c6 (19... Rxf4 $14 20. Rd8+ Rf8) 20. Rd4 Be6 21. Re1 Rf6 22. c4 Rbf8 23. b3 Bc8 24. Re7 R6f7 25. Rxf7 Rxf7 {[%emt 0:01:12] [#]} (25... Kxf7 {was worth a try.} 26. c5 Nd5) 26. c5 $1 $18 Na8 27. Nc4 Rd7 28. Nd6 Rd8 29. Ra4 Be6 $2 (29... a6 30. Rb4 a5) 30. Rxa7 {[%emt 0:00:44] White is clearly winning.} Nc7 31. f5 Nb5 32. fxe6 {[%emt 0:00:15] Weighted Error Value: White=0.05 (flawless) /Black=0.29 (precise) .  Mistake:       	---       	Black=5      Inaccurate:     	White=1     	Black=3      OK:         	White=10    	Black=7      Best:        	White=3     	Black=1      Strong:       	White=1     	Black=1} ({Worse is} 32. Nxb7 Rd1+ 33. Bf1 Nxa7 34. fxe6 Kf8 $11) 1-0

[Event "Serbian League 2024"]
[Site "Bajina Basta"]
[Date "2024.09.28"]
[Round "2.17"]
[White "Ratkovic, Milovan"]
[Black "Ivanovic, Dragutin"]
[Result "1-0"]
[ECO "B12"]
[WhiteElo "2429"]
[BlackElo "2308"]
[Annotator "ChessBase"]
[PlyCount "85"]
[EventDate "2024.09.26"]
[EventType "team-tourn"]
[EventCountry "SRB"]
[SourceTitle "playchess.com"]
[Source "ChessBase"]
[SourceQuality "1"]
[TimeControl "40/5400+30:1800+30"]

1. d4 d6 2. e4 Nd7 3. Nc3 c6 4. Be3 Qa5 5. Qd2 h6 6. f3 g5 7. Nge2 Bg7 8. Ng3 Ndf6 9. Be2 g4 10. O-O h5 11. fxg4 hxg4 12. Nf5 Bxf5 13. Rxf5 Qb4 14. a3 Qxb2 15. Rb1 Nxe4 16. Rxb2 Nxd2 17. Rxb7 Bh6 18. Rg5 O-O-O 19. Ba6 f6 20. Nb5 Rf8 21. Bxd2 cxb5 22. Rbxb5+ Kd7 23. Rb7+ Ke8 24. Rxg8 Rfxg8 25. Bxh6 Rxh6 26. Rb8+ Kf7 27. Bc4+ e6 28. Bxe6+ Kxe6 29. Rxg8 f5 30. c4 Rh7 31. Rg6+ Ke7 32. d5 a5 33. Re6+ Kd7 34. Rf6 Re7 35. Rxf5 Re4 36. Rf7+ Kc8 37. Ra7 Rxc4 38. Rxa5 Rc3 39. Kf2 Kc7 40. Ra7+ Kb6 41. Rd7 Rxa3 42. Rxd6+ Kc5 43. Rg6 1-0

[Event "Serbian League 2024"]
[Site "Bajina Basta"]
[Date "2024.09.28"]
[Round "2.18"]
[White "Zivanovic, Bojan"]
[Black "Tadic, Branko"]
[Result "1-0"]
[ECO "A04"]
[WhiteElo "2161"]
[BlackElo "2424"]
[Annotator "ChessBase"]
[PlyCount "61"]
[EventDate "2024.09.26"]
[EventType "team-tourn"]
[EventCountry "SRB"]
[SourceTitle "playchess.com"]
[Source "ChessBase"]
[SourceQuality "1"]
[TimeControl "40/5400+30:1800+30"]

1. Nf3 c5 2. g3 Nc6 3. Bg2 g6 4. O-O Bg7 5. e4 Nf6 6. Re1 d5 7. exd5 Nxd5 8. Nc3 Nxc3 9. dxc3 Qxd1 10. Rxd1 Bd7 11. Be3 b6 12. Ng5 h6 13. Nxf7 Rf8 14. Nxh6 O-O-O 15. h3 Ne5 16. Ng4 Nf3+ 17. Bxf3 Rxf3 18. Bf4 Rf8 19. Be5 Bf6 20. Bxf6 exf6 21. Rd3 Rf5 22. Re1 Rh5 23. Rd6 Rxh3 24. Nxf6 Rfh8 25. Re7 Bf5 26. Rxa7 Rh1+ 27. Kg2 R8h2+ 28. Kf3 Rf1 29. Ng4 Bxg4+ 30. Kxg4 Rfxf2 31. Rxg6 1-0

[Event "Serbian League 2024"]
[Site "Bajina Basta"]
[Date "2024.09.28"]
[Round "2.19"]
[White "Ivic, Velimir"]
[Black "Puranik, Abhimanyu"]
[Result "1/2-1/2"]
[ECO "D32"]
[WhiteElo "2599"]
[BlackElo "2639"]
[Annotator "TA"]
[PlyCount "59"]
[EventDate "2024.09.26"]
[EventType "team-tourn"]
[EventCountry "SRB"]
[SourceTitle "playchess.com"]
[Source "ChessBase"]
[SourceQuality "1"]
[TimeControl "40/5400+30:1800+30"]

1. c4 e6 2. Nc3 d5 3. d4 c5 4. cxd5 cxd4 5. Qa4+ Bd7 6. Qxd4 exd5 7. Qxd5 Nf6 8. Qd1 Bc5 9. Nf3 Nc6 10. e3 Qe7 11. Be2 O-O 12. O-O Rfd8 13. Qb3 a6 14. Bd2 (14. Qxb7 $2 {loses.} Rdb8 15. Qc7 Bd6 $19) 14... Be6 15. Qc2 {[%emt 0:02:24] White is slightly better.} Nb4 16. Qb1 Bg4 {[%emt 0:00:40] [#] Threatens to win with ...Bxf3.} 17. Rd1 g6 18. e4 {[%emt 0:03:54] Dodges Bf5} Bxf3 19. Bxf3 Nd3 20. Be3 Bxe3 21. Rxd3 Ba7 22. g3 h5 23. Qc2 Rxd3 24. Qxd3 Rd8 25. Qe2 Qe5 26. Rd1 Rxd1+ 27. Qxd1 Bd4 28. Qd2 b5 29. Kf1 g5 30. h3 {[%emt 0:00:32] Weighted Error Value: White=0.04 (flawless) /Black=0.07 (flawless) .  Inaccurate:     	White=1     	Black=1      OK:         	White=8     	Black=9} 1/2-1/2

[Event "Serbian League 2024"]
[Site "Bajina Basta"]
[Date "2024.09.28"]
[Round "2.20"]
[White "Gagunashvili, Merab"]
[Black "Djukic, Nikola"]
[Result "1/2-1/2"]
[ECO "E35"]
[WhiteElo "2550"]
[BlackElo "2515"]
[Annotator "TA"]
[PlyCount "82"]
[EventDate "2024.09.26"]
[EventType "team-tourn"]
[EventCountry "SRB"]
[SourceTitle "playchess.com"]
[Source "ChessBase"]
[SourceQuality "1"]
[TimeControl "40/5400+30:1800+30"]

1. d4 Nf6 2. c4 e6 3. Nc3 Bb4 4. Qc2 d5 5. cxd5 exd5 6. Bg5 h6 7. Bxf6 Qxf6 8. a3 Bxc3+ 9. Qxc3 O-O 10. e3 c6 11. Ne2 Re8 12. Ng3 Be6 13. Bd3 {[%emt 0:02:12] White has an edge.} Nd7 14. Rc1 Qe7 15. O-O Nf6 16. b4 a6 17. a4 h5 18. h3 h4 19. Ne2 Nh5 20. b5 cxb5 21. axb5 Qg5 22. Kh2 (22. Kh1 {simplifies} Bf5 23. Bxf5 Qxf5 24. bxa6 bxa6 25. Qa5) 22... Bf5 23. Bxf5 (23. bxa6 {simplifies} bxa6 24. Bxf5 Qxf5 25. Qa5) 23... Qxf5 24. Qc2 (24. bxa6 $14 bxa6 25. Ng1) 24... Qxc2 $11 {[%emt 0:17:39] The position is equal.} 25. Rxc2 Rec8 26. Rfc1 Rxc2 27. Rxc2 axb5 {[%emt 0:03:21][%mdl 4096] Endgame. KRN-KRN} 28. Rb2 b4 {[%emt 0:00:11] Repels Nc3} 29. Nc1 Nf6 30. Nd3 Ra6 31. Rxb4 Ra3 32. Ne5 Ne4 33. Rxb7 Nxf2 34. Rxf7 Nd1 35. Rf3 Rxe3 36. Ng6 Re4 37. Rf4 Rxf4 38. Nxf4 Ne3 39. Kg1 Kf7 40. Kf2 Nf5 41. Nxd5 Nxd4 {[%emt 0:30:06] Weighted Error Value: White=0.05 (flawless) /Black=0.06 (flawless) .  Mistake:       	White=1     	---        Inaccurate:     	White=1     	Black=1      OK:         	White=13    	Black=16} 1/2-1/2